 Dungeon Crawl Stone Soup version 0.29.0-7-g18a832c13a (webtiles) character file.

Game seed: 502928152883806444

32 freelancePsychic the Grave Robber (level 3, 0/18 HPs)
             Began as a Kobold Necromancer on Aug 30, 2022.
             Slain by an adder (1 damage)
             ... on level 2 of the Dungeon.
             The game lasted 00:01:36 (1212 turns).

freelancePsychic the Grave Robber (KoNe)            Turns: 1212, Time: 00:01:37

Health: 0/18       AC:  3    Str:  5    XL:     3   Next: 42%
Magic:  4/6        EV: 15    Int: 16    God:
Gold:   112        SH:  0    Dex: 15    Spells: 5/6 levels left

rFire   . . .      SeeInvis .   c - +0 sling (flame)
rCold   . . .      Faith    .   (no shield)
rNeg    . . .      Spirit   .   a - +0 robe
rPois   .          Reflect  .   (no helmet)
rElec   .          Harm     .   (no cloak)
rCorr   .          Rampage  .   (no gloves)
Will    .....                   (no boots)
Stlth   +++.......              (no amulet)
HPRegen 0.06/turn               (no ring)
MPRegen 0.10/turn               (no ring)

@: lethally poisoned (0 -> -6)
A: small, no large weapons, nightstalker 3, clumsy 1, frail 1, shaggy fur 1
a: no special abilities


You were on level 2 of the Dungeon.
You visited 1 branch of the dungeon, and saw 2 of its levels.

You collected 112 gold pieces.

Inventory:

Hand Weapons
 c - a +0 sling of flaming (weapon)
Armour
 a - a +0 robe (worn)
 h - a +0 ring mail
Scrolls
 d - 3 scrolls of identify {@r1}
 e - 2 scrolls of teleportation {@r4}
 i - a scroll of brand weapon {unknown}
Potions
 b - a potion of magic
 g - a potion of curing {unknown}


   Skills:
 + Level 1.2 Fighting
 * Level 2.6 Ranged Weapons
 - Level 2.4 Dodging
 + Level 3.3 Stealth
 - Level 2.1 Spellcasting
 - Level 4.0 Necromancy


You had 5 spell levels left.
You knew the following spells:

 Your Spells              Type           Power      Damage    Failure   Level
a - Necrotise             Necr           56%        1d6       4%          1

Your spell library contained the following spells:

 Spells                   Type           Power      Damage    Failure   Level
 Vampiric Draining        Necr           14%        2d7       12%         3
 Animate Dead             Necr           14%        N/A       36%         4
 Agony                    Necr           14%        N/A       73%         5


Dungeon Overview and Level Annotations

Branches:
Dungeon (2/15)

Altars:


Innate Abilities, Weirdness & Mutations

You are small and have problems with some larger weapons.
You are completely attuned to the shadows.
You are clumsy. (Dex -2)
You are frail. (-10% HP)
You are covered in fur. (AC +1)


Message History

You feel sick. The adder barely misses you.
The adder bites you but does no damage.
Fire: c) +0 sling (flame)
Press: ? - help, Shift-Dir - straight line, f/p - adder
Aim: an adder (38% to hit)
You shoot a sling bullet.
The sling bullet closely misses the adder.
You feel sick.
You are no longer poisoned.
The adder bites you.
You are poisoned.
The adder poisons you!
Fire: c) +0 sling (flame)
Press: ? - help, Shift-Dir - straight line, f/p - adder
Aim: an adder (38% to hit)
You shoot a sling bullet.
The sling bullet closely misses the adder.
You feel sick. The adder barely misses you. The adder closely misses you.
Your magic is already full.
Casting: Necrotise (safe; 4% risk of failure)
Confirm with . or Enter, or press ? or * to list all spells.
Aiming: Necrotise (safe; 4% risk of failure)
Press: ? - help, Shift-Dir - straight line, f/p - adder
Aim: an adder (chance to affect: 78%)
The adder barely resists.
You feel sick. The adder bites you but does no damage.
Casting: Necrotise (safe; 4% risk of failure)
Confirm with . or Enter, or press ? or * to list all spells.
Aiming: Necrotise (safe; 4% risk of failure)
Press: ? - help, Shift-Dir - straight line, f/p - adder
Aim: an adder (chance to affect: 78%)
The adder writhes in agony.
You feel sick. The adder bites you.
* * * LOW HITPOINT WARNING * * *
You are lethally poisoned!
The adder poisons you! The adder barely misses you.
It was a potion of mutation.
You feel extremely strange.
You feel clumsy.
You feel frail. Fur sprouts all over your body.
* * * LOW HITPOINT WARNING * * *
You feel sick. The adder bites you.
You die...

...............#
.............†#####
..................##
...................##
.......##..........#
.....)..#..........#
......#........<...#
#####..####.........#
..##.S@.###.........#
#†....#..###.......##
###...##.##.........#
#.#....##.........#
#.####)...........#
#.####............#
#>##.##....#.........#
........##.##..(....##
.......###.........##


You could see an adder.

Vanquished Creatures
  An adder (D:2)
  A dart slug (D:2)
  4 endoplasms
  A giant cockroach (D:2)
  A hobgoblin (D:2)
  2 jackals (D:1)
  A kobold (D:2)
  5 ball pythons
  2 bats
  A frilled lizard (D:1)
  A goblin (D:1)
  2 rats
22 creatures vanquished.

Notes
Turn   | Place    | Note
-------+----------+-------------------------------------------
     0 | D:1      | freelancePsychic the Kobold Necromancer began the quest for
                  | the Orb.
     0 | D:1      | Reached XP level 1. HP: 10/10 MP: 3/3
   415 | D:1      | Reached skill level 1 in Ranged Weapons
   486 | D:1      | Reached XP level 2. HP: 16/16 MP: 5/5
   946 | D:2      | Reached skill level 1 in Fighting
   995 | D:2      | Reached XP level 3. HP: 10/20 MP: 6/6
  1212 | D:2      | Gained mutation: You are clumsy. (Dex -2) [potion of
                  | mutation]
  1212 | D:2      | Gained mutation: You are frail. (-10% HP) [potion of
                  | mutation]
  1212 | D:2      | Gained mutation: You are covered in fur. (AC +1) [potion of
                  | mutation]
  1212 | D:2      | Slain by an adder

Illustrated notes

Levels and vault maps discovered:
D:1:      dpeg_arrival_shrine, layout_basic
D:2:      layout_rooms, shapermc_ecumenical_altar_hornbeckon, serial_shops, shop

Skill      XL: |  1  2 |
---------------+-------+-----
Ranged Weapons | 1 2 |  2.6
Stealth        | 3 |  3.3
Fighting       | 1 |  1.2
Dodging        | |  2.4
Spellcasting   | |  2.1
Necromancy     | |  4.0

Action                   || total
-------------------------++-------
 Fire: Sling             ||    62
 Cast: Necrotise         ||     2
  Use: Scroll            ||     1
       Potion            ||     1
Armor: Robe              ||     9
Dodge: Dodged            ||    31
